 Dungeon Crawl Stone Soup version 0.27.0-1-g7a089689b8 (webtiles) character file.

Game seed: 5037830460134925157

308 Brandom the Skirmisher (level 6, -1/48 HPs)
             Began as a Formicid Abyssal Knight on Aug 9, 2021.
             Was a Believer of Lugonu.
             Slain by a jelly (3 damage)
             ... on level 6 of the Dungeon.
             The game lasted 00:08:25 (5473 turns).

Brandom the Skirmisher (Formicid Abyssal Knight)    Turns: 5473, Time: 00:08:26

Health: -1/48      AC: 13    Str: 19    XL:     6   Next: 68%
Magic:  7/8        EV:  8    Int: 11    God:    Lugonu [**....]
Gold:   151        SH:  0    Dex: 10    Spells: 5/5 levels left

rFire    . . .     SeeInvis +   a - +1 hand axe
rCold    . . .     Faith    .   (no shield)
rNeg     . . .     Spirit   .   q - +0 chain mail
rPois    .         Reflect  .   (helmet unavailable)
rElec    .         Harm     .   (no cloak)
rCorr    .         Rampage  .   (no gloves)
Will     .....                  (no boots)
Stlth    ..........             (no amulet)
HPRegen  0.16/turn              j - +4 ring of protection
MPRegen  0.11/turn              (no ring)

@: brilliant, flying
A: permanent stasis, dig shafts and tunnels, antennae 3, four strong arms
a: Dig, Shaft Self, Renounce Religion, Depart the Abyss, Bend Space


You were on level 6 of the Dungeon.
You worshipped Lugonu.
Lugonu was pleased with you.
You visited 1 branch of the dungeon, and saw 6 of its levels.
You visited the Abyss 1 time.

You collected 151 gold pieces.

Inventory:

Hand Weapons
 a - a +1 hand axe (weapon)
Missiles
 r - 4 silver boomerangs
 s - 2 atropa-tipped darts
Armour
 b - a +0 leather armour
 i - a scarf of harm
   (You found it on level 1 of the Dungeon)
 q - a +0 chain mail (worn)
   (You found it on level 4 of the Dungeon)
Jewellery
 j - a +4 ring of protection (left hand)
   (You found it on level 3 of the Dungeon)
 k - a ring of ice
   (You found it on level 3 of the Dungeon)
 l - a +6 ring of intelligence
   (You found it on level 3 of the Dungeon)
Scrolls
 c - a scroll of noise {unknown}
 g - 4 scrolls of teleportation {@r4}
 o - a scroll of summoning {unknown}
 p - a scroll of fog
Potions
 e - a potion of degeneration {!q}
 t - a potion of brilliance


   Skills:
 + Level 4.2 Fighting
 * Level 4.2 Axes
 + Level 3.5 Armour
 + Level 2.2 Dodging
 + Level 3.6 Invocations


You had 5 spell levels left.
You didn't know any spells.
Your spell library contained the following spells:

 Spells                   Type           Power      Damage    Failure   Level
 Corona                   Hex            0%         N/A       99%         1
 Shock                    Conj/Air       0%         1d3       99%         1
 Ensorcelled Hibernation  Hex/Ice        0%         N/A       99%         2
 Tukima's Dance           Hex            0%         N/A       100%        3
 Airstrike                Air            0%         N/A       100%        4
 Swiftness                Air            Unusable   N/A       N/A         3

Dungeon Overview and Level Annotations

Branches:
Dungeon (7/15)
 Temple: D:4-7

Altars:
Kikubaaqudgha
Makhleb


Innate Abilities, Weirdness & Mutations

You cannot be hasted, slowed, berserked, paralysed or teleported.
You can dig through walls and to a lower floor.
You have a pair of large antennae on your head. (SInv)
Your four strong arms can wield two-handed weapons with a shield.


Message History

The black bear claws you but does no damage.
You barely miss the black bear.
The black bear bites you but does no damage.
The black bear claws you.
The black bear claws you but does no damage.
You hit the black bear but do no damage.
The black bear barely misses you. The black bear claws you.
The black bear claws you but does no damage.
You hit the black bear. The black bear closely misses you.
The black bear claws you but does no damage.
The black bear closely misses you.
You slash the black bear!
The black bear goes berserk!
You closely miss the black bear. The black bear bites you.
The black bear claws you.
* * * LOW HITPOINT WARNING * * *
The black bear claws you but does no damage.
The black bear bites you.
* * * LOW HITPOINT WARNING * * *
The black bear claws you but does no damage. x2
You barely miss the black bear. The black bear bites you!
* * * LOW HITPOINT WARNING * * *
The black bear claws you.
* * * LOW HITPOINT WARNING * * *
The black bear claws you but does no damage.
The black bear barely misses you. The black bear closely misses you.
The black bear claws you.
* * * LOW HITPOINT WARNING * * *
Okay, then.
You feel better. The black bear bites you.
* * * LOW HITPOINT WARNING * * *
The black bear claws you but does no damage. x2
The black bear bites you but does no damage.
The black bear closely misses you.
The black bear claws you but does no damage.
An adder and a jelly come into view.
The adder hisses angrily.
Found an ancient bone altar of Kikubaaqudgha.
The black bear barely misses you. x2
The black bear claws you but does no damage.
Found a scroll of identify.
The black bear bites you but does no damage.
The black bear claws you but does no damage.
The black bear barely misses you. The black bear bites you.
* * * LOW HITPOINT WARNING * * *
The black bear misses you. The black bear closely misses you.
The adder bites you but does no damage. Space bends around you!
You blink.
The jelly hits you.
You die...

#. #.# ##### ##..
.... ... ###.### #
##..##.....## .#
#..#...#.......#..#
#......#.......#..#
#.........S_......#
#......#...h@..#
#..#...#..?J...# #.
##..##.....## {
#..##..####.####..
#......†.......J..#
#####.#######.###.#
#..)(# ... #.##>#
### #. ###


You could see a black bear (berserk), a jelly and an adder.

Vanquished Creatures
  A bullfrog (D:7)
  A water moccasin zombie (D:6)
  An orc priest (D:4)
  An orc wizard (D:3)
  6 adders
  2 worms
  A dart slug (D:1)
  4 orcs
  7 endoplasms
  3 giant cockroaches
  7 goblins
  6 hobgoblins
  9 kobolds
  3 quokkas (D:1)
  6 ball pythons
  5 bats
  3 frilled lizards
  3 rats
69 creatures vanquished.

Vanquished Creatures (others)
  12 plants (D:6)
12 creatures vanquished.

Grand Total: 81 creatures vanquished

Notes
Turn   | Place    | Note
-------+----------+-------------------------------------------
     0 | Abyss:1  | Brandom the Formicid Abyssal Knight began the quest for the
                  | Orb.
     0 | Abyss:1  | Reached XP level 1. HP: 18/18 MP: 2/2
    30 | Abyss:1  | Noticed a quasit
    55 | Abyss:1  | Noticed a neqoxec
    56 | D:1      | Escaped the Abyss
   238 | D:1      | Reached skill level 1 in Dodging
   260 | D:1      | Reached XP level 2. HP: 14/24 MP: 3/3
   447 | D:1      | Reached * piety under Lugonu
   600 | D:1      | You fall into a shaft and drop 1 floor!
   686 | D:2      | Reached XP level 3. HP: 16/29 MP: 4/4
  1909 | D:1      | Reached XP level 4. HP: 33/35 MP: 6/6
  3749 | D:3      | Reached ** piety under Lugonu
  3764 | D:3      | Reached XP level 5. HP: 23/42 MP: 7/7
  5004 | D:4      | You fall into a shaft and drop 3 floors!
  5038 | D:6      | Reached XP level 6. HP: 28/48 MP: 8/8
  5170 | D:6      | Found a burning altar of Makhleb.
  5437 | D:6      | Noticed a black bear
  5466 | D:6      | Found an ancient bone altar of Kikubaaqudgha.
  5473 | D:6      | Slain by a jelly

Illustrated notes

Levels and vault maps discovered:
D:1:      evilmike_arrival_plus, layout_basic
D:2:      layout_basic
D:3:      layout_loops_cross, chequers_serial_rivers_large_a,
          skrybe_limestone_x, kennysheep_generic_room_8
D:4:      layout_gridville
D:6:      cheibrodos_two_vegetables, layout_loops_cross, bloody_makhleb,
          lemuel_crystal_altar, old_standard_altar, amcnicky_altar_gilded,
          lexackson_kobold_supper, uniq_maggie
D:7:      layout_basic, mainiacjoe_overflow_cross_hatched,
          mainiacjoe_overflow_tiny_flanked, nicolae_wu_jian_glorious_leap,
          minmay_temple_entry_hall

Skill      XL: |  1  2  3  4  5 |
---------------+----------------+-----
Dodging        | 1 2 |  2.2
Axes           | 3 4 |  4.2
Armour         | 3 |  3.5
Invocations    | 3 |  3.6
Fighting       | 4 |  4.2

Action                   |  1- 3 |  4- 6 || total
-------------------------+-------+-------++-------
Melee: Hand axe          |    94 |   205 ||   299
Invok: Depart the Abyss  |     1 |       ||     1
       Bend Space        |       |     1 ||     1
  Use: Scroll            |       |     4 ||     4
       Potion            |       |     6 ||     6
Armor: Leather armour    |    24 |    38 ||    62
       Chain mail        |       |    79 ||    79
Dodge: Dodged            |    50 |   107 ||   157
